 Dungeon Crawl Stone Soup version 0.31-a0-854-g362426d53f (webtiles) character file.

Game seed: 17693491675689025493

368 dmks the Chopper (level 6, -6/52 HPs)
             Began as a Minotaur Gladiator on Oct 8, 2023.
             Mangled by an unseen horror (7 damage)
             ... on level 3 of the Dungeon.
             The game lasted 00:14:54 (3604 turns).

dmks the Chopper (Minotaur Gladiator)               Turns: 3604, Time: 00:14:54

Health: -6/52      AC: 11    Str: 21    XL:     6   Next: 41%
Magic:  5/5        EV:  7    Int:  5    God:
Gold:   150        SH:  0    Dex: 11    Spells: 5/5 levels left

rFire   . . .        a - +1 war axe
rCold   . . .        (no shield)
rNeg    . . .        h - +0 plate armour
rPois   .            c - +0 hat
rElec   .            (no cloak)
rCorr   .            (no gloves)
SInv    .            (no boots)
Will    .....        (no amulet) Stlth
                     (no ring)
HPRegen 0.28/turn    (no ring)
MPRegen 0.09/turn

%: no passive effects
@: invisible
A: horns 2, retaliatory headbutt
a: no special abilities


You were on level 3 of the Dungeon.
You visited 1 branch of the dungeon, and saw 5 of its levels.

You collected 150 gold pieces.

Inventory:

Hand Weapons
 a - a +1 war axe (weapon)
Missiles
 d - 3 throwing nets (quivered) {!f}
 e - 4 javelins
Armour
 b - a +0 leather armour
 c - a +0 hat (worn)
 h - a +0 plate armour (worn)
   (You found it on level 1 of the Dungeon)
 i - a +0 ring mail
   (You found it on level 1 of the Dungeon)
 k - a +0 robe
   (You found it on level 2 of the Dungeon)
 m - a +0 robe
   (You took it off an orc wizard on level 2 of the Dungeon)
 n - a +0 animal skin
   (You took it off Robin on level 1 of the Dungeon)
 o - a +0 robe
   (You took it off an orc wizard on level 3 of the Dungeon)
 p - a +0 robe
   (You found it on level 3 of the Dungeon)
 q - a +0 robe
   (You found it on level 3 of the Dungeon)
 r - a +0 leather armour
   (You took it off an orc on level 3 of the Dungeon)
 s - a +0 leather armour
   (You took it off an orc on level 3 of the Dungeon)
 u - a +0 ring mail
   (You found it on level 3 of the Dungeon)
 w - a +0 leather armour
   (You took it off an orc on level 3 of the Dungeon)
 x - a +0 leather armour
   (You took it off an orc on level 3 of the Dungeon)
 y - a +0 leather armour
   (You took it off an orc on level 3 of the Dungeon)
Magical Staves
 z - a staff of death
   (You found it on level 4 of the Dungeon)
Wands
 t - a wand of flame (17)
   (You took it off Robin on level 1 of the Dungeon)
Scrolls
 f - a scroll of immolation {!r}
Potions
 v - 2 potions of brilliance


   Skills:
 + Level 4.0 Fighting
 * Level 5.9 Axes
 - Level 3.1 Throwing
 * Level 4.3 Armour
 - Level 3.2 Dodging


You had 5 spell levels left.
You didn't know any spells.
Your spell library contained the following spells:

 Spells                   Type           Power      Damage    Failure   Level
 Blink                    Tloc           0%         N/A       100%        2
 Frozen Ramparts          Ice            0%         1d1       100%        3
 Manifold Assault         Tloc           0%         N/A       100%        4
 Petrify                  Tmut/Erth      0%         N/A       100%        4
 Metabolic Englaciation   Hex/Ice        0%         N/A       100%        5


Dungeon Overview and Level Annotations

Branches:
Dungeon (5/15)
 Temple: D:4-7

Altars:
Cheibriados
Okawaru
Trog

Shops:
D:4 =

Annotations:
D:4 2 transporters, Grinder


Innate Abilities, Weirdness & Mutations

You have a pair of horns on your head.
You reflexively headbutt those who attack you in melee.


Message History

Reactivating autopickup.
There is a stone staircase leading down here.
Something hits you.
* * * LOW HITPOINT WARNING * * *
Deactivating autopickup; reactivate with Ctrl-A.
Something hits you but does no damage. Something hits you.
* * * LOW HITPOINT WARNING * * *
There is a stone staircase leading up here.
Something hits you.
* * * LOW HITPOINT WARNING * * *
Something hits you.
* * * LOW HITPOINT WARNING * * *
You climb upwards.
Reactivating autopickup.
There is a stone staircase leading down, spattered with blood here.
You start resting.
Something hits you.
* * * LOW HITPOINT WARNING * * *
Deactivating autopickup; reactivate with Ctrl-A.
Something hits you.
* * * LOW HITPOINT WARNING * * *
You miss something. Something hits you.
* * * LOW HITPOINT WARNING * * *
It was a potion of cancellation.
You feel magically purged. Something hits you.
* * * LOW HITPOINT WARNING * * *
Okay, then.
It was a potion of heal wounds.
You feel much better. Something completely misses you. Something hits you.
* * * LOW HITPOINT WARNING * * *
You hit something but do no damage. Something hits you.
* * * LOW HITPOINT WARNING * * *
Something hits you.
* * * LOW HITPOINT WARNING * * *
There is an open door here.
You barely miss something. You headbutt something! Something hits you!
* * * LOW HITPOINT WARNING * * *
Something hits you but does no damage.
Okay, then.
You fade into invisibility!
Something hits you but does no damage. Something hits you.
* * * LOW HITPOINT WARNING * * *
Something hits you!
You die...

......###...#########
......#.............#
....................#
....................#
......).)...........#
......#.............#
......(.)...#########
..........)....####
...............'@>#
...............##.###
#.####.........##...#
._..##.......####.#.#
#.#..........####.#.#
...............##.#.#
...............##.#.#
...............##.#.#
...............##.#.#


There were no monsters in sight!

Vanquished Creatures
  A phantom (D:3)
  A scorpion (D:4)
  An iguana (D:5)
  2 orc wizards
  Robin (D:1)
  3 adders (D:3)
  2 worms (D:2)
  3 dart slugs
  16 orcs
  5 endoplasms
  6 giant cockroaches
  12 goblins
  9 hobgoblins
  6 kobolds
  3 quokkas
  11 ball pythons
  9 bats
  3 frilled lizards
  A rat (D:1)
95 creatures vanquished.

Notes
Turn   | Place    | Note
-------+----------+-------------------------------------------
     0 | D:1      | dmks the Minotaur Gladiator began the quest for the Orb.
     0 | D:1      | Reached XP level 1. HP: 18/18 MP: 0/0
   159 | D:1      | Reached XP level 2. HP: 25/25 MP: 1/1
   217 | D:1      | Reached skill level 4 in Axes
   316 | D:1      | Reached skill level 1 in Armour
   845 | D:2      | Noticed Robin
   872 | D:2      | Reached XP level 3. HP: 21/30 MP: 2/2
  1059 | D:1      | Killed Robin
  1392 | D:2      | Reached XP level 4. HP: 38/38 MP: 3/3
  2189 | D:3      | Reached skill level 5 in Axes
  2189 | D:3      | Reached XP level 5. HP: 45/45 MP: 4/4
  2264 | D:3      | Found an iron altar of Okawaru.
  2439 | D:3      | Found a bloodstained altar of Trog.
  2520 | D:3      | Found a faded altar of an unknown god.
  2834 | D:4      | Noticed Grinder
  2873 | D:4      | Found a transporter.
  2892 | D:4      | Found Paloim's Jewellery Emporium.
  2894 | D:4      | Found a transporter.
  3009 | D:4      | Noticed a phantom
  3065 | D:4      | Reached XP level 6. HP: 52/52 MP: 5/5
  3494 | D:5      | Entered Level 5 of the Dungeon
  3550 | D:5      | Found a snail-covered altar of Cheibriados.
  3604 | D:3      | HP: 1/52 [something (5)]
  3604 | D:3      | Mangled by an unseen horror

Illustrated notes

Levels and vault maps discovered:
D:1:      dpeg_arrival_lava_altar, layout_loops_cross
D:2:      minmay_recursive_quarters, layout_basic, serial_bayou_pond_c,
          hex_intersection, uniq_robin
D:3:      wander_river, layout_basic, mainiacjoe_overflow_paths,
          lemuel_crystal_altar, shapermc_ecumenical_altar_hornbeckon,
          st_stairs_5
D:4:      layout_loops_cross, elyvilon_altar_3, serial_shops,
          nicolae_shop_drivethru, minmay_three_crescents, uniq_grinder
D:5:      wad_pebble_path, layout_cave_pools, kennysheep_mini_moat,
          serial_shops, shop

Skill      XL: |  1  2  3  4  5  6 |
---------------+-------------------+-----
Axes           | 4 5 |  5.9
Armour         | 1 2 3 4 |  4.3
Fighting       | 3 4 |  4.0
Throwing       | 3 |  3.1
Dodging        | |  3.2

Action                     |  1- 3 |  4- 6 || total
---------------------------+-------+-------++-------
  Melee: War axe           |    88 |   101 ||   189
         Headbutt          |    10 |    14 ||    24
         Punch             |     2 |       ||     2
    Use: Scroll            |     5 |     4 ||     9
         Potion            |       |     3 ||     3
 Armour: Leather armour    |     8 |       ||     8
         Plate armour      |    83 |   152 ||   235
  Dodge: Dodged            |    44 |    41 ||    85

Table legend: (Time is in decaauts)
 A = Elapsed time spent in this place.
 B = Non-inter-level travel time spent in this place.
 C = Inter-level travel time spent in this place.
 D = Time resting spent in this place.
 E = Time spent auto-exploring this place.
 F = Levels seen in this place.
 G = Mean time per level.
                   A        B        C        D        E       F      G
               +--------+--------+--------+--------+--------+-----+--------+
         Total |   3691 |   3610 |     81 |    773 |   1838 |   5 |  738.2 |
       Dungeon |   3691 |   3610 |     81 |    773 |   1838 |   5 |  738.2 |
               +--------+--------+--------+--------+--------+-----+--------+

Top non-repeatable levels by time:
     D:1: 1149 daAuts
     D:3: 1087 daAuts
     D:2: 1029 daAuts
     D:4: 330 daAuts
     D:5: 95 daAuts
